 Dungeon Crawl Stone Soup version 0.30.1-11-g7821555f0a (webtiles) character file.

Game seed: 4603968700081618308

77 lonewolfV2 the Trooper (level 4, -4/38 HPs)
             Began as a Formicid Fighter on Nov 16, 2023.
             Slain by a gnoll
             ... wielding a +0 halberd
              (9 damage)
             ... on level 2 of the Dungeon.
             The game lasted 00:01:06 (615 turns).

lonewolfV2 the Trooper (Formicid Fighter)            Turns: 615, Time: 00:01:07

Health: -4/38      AC:  9    Str: 21    XL:     4   Next: 60%
Magic:  4/4        EV:  9    Int:  7    God:
Gold:   69         SH:  5    Dex: 15    Spells: 3/3 levels left

rFire   . . .        a - +0 war axe (vamp)
rCold   . . .        c - +0 buckler
rNeg    . . .        b - +0 scale mail
rPois   +            (helmet unavailable)
rElec   .            h - +1 cloak {rPois}
rCorr   .            (no gloves)
SInv    +            (no boots)
Will    .....        (no amulet) Stlth
                     (no ring)
HPRegen 0.26/turn    (no ring)
MPRegen 0.09/turn

%: no passive effects
@: no status effects
A: permanent stasis, dig shafts and tunnels, antennae 3, four strong arms
a: Dig, Shaft Self


You were on level 2 of the Dungeon.
You visited 1 branch of the dungeon, and saw 2 of its levels.

You collected 69 gold pieces.

Inventory:

Hand Weapons
 a - a +0 vampiric war axe (weapon)
Armour
 b - a +0 scale mail (worn)
 c - a +0 buckler (worn)
 h - a +1 cloak of poison resistance (worn)
Scrolls
 e - 3 scrolls of identify
 f - a scroll of silence
 g - a scroll of noise
 i - a scroll of brand weapon
Potions
 d - a potion of might


   Skills:
 + Level 4.5 Fighting
 - Level 2.0 Axes
 + Level 4.5 Armour
 - Level 4.0 Shields


You had 3 spell levels left.
You didn't know any spells.
Your spell library contained the following spells:

 Spells                   Type           Power      Damage    Failure   Level
 Dazzling Flash           Conj/Hex       0%         N/A       99%         3
 Agony                    Necr           0%         N/A       100%        5
 Silence                  Hex/Air        0%         N/A       100%        5


Dungeon Overview and Level Annotations

Branches:
Dungeon (2/15)

Altars:


Innate Abilities, Weirdness & Mutations

You cannot be hasted, slowed, berserked, paralysed or teleported.
You can dig through walls and to a lower floor.
You have a pair of large antennae on your head. (SInv)
Your four strong arms can wield two-handed weapons with a shield.


Message History

The gnoll is lightly wounded.
You closely miss the gnoll. You hit the gnoll.
You feel better. The gnoll hits you with a +0 halberd!
The gnoll barely misses you. The gnoll hits you but does no damage.
Unknown command.
You slash the gnoll!
You feel better.
The gnoll is almost dead.
You barely miss the gnoll. You closely miss the gnoll.
The gnoll closely misses you. x2; The gnoll hits you with a +0 halberd.
The gnoll hits you with a +0 club. The gnoll hits you with a +0 halberd.
You block the gnoll's attack. The gnoll barely misses you.
You barely miss the gnoll.
The gnoll is almost dead.
You hit the gnoll. You closely miss the gnoll. You hit the gnoll.
The gnoll hits you but does no damage. x2; The gnoll barely misses you. x2
You completely miss the gnoll.
The gnoll is almost dead.
You hit the gnoll. You hit the gnoll but do no damage.
You closely miss the gnoll. The gnoll hits you but does no damage.
The gnoll hits you with a +0 halberd!
* * * LOW HITPOINT WARNING * * *
The gnoll hits you with a +0 club.
* * * LOW HITPOINT WARNING * * *
You block the gnoll's attack.
The gnoll hits you but does no damage. x2
The gnoll closely misses you. The gnoll barely misses you.
You closely miss the gnoll.
The gnoll is almost dead.
You completely miss the gnoll. You hit the gnoll but do no damage.
You barely miss the gnoll. The gnoll closely misses you.
You block the gnoll's attack. The gnoll hits you with a +0 club.
* * * LOW HITPOINT WARNING * * *
The gnoll completely misses you.
You slash the gnoll!
You feel better.
You kill the gnoll!
You barely miss the gnoll. You hit the gnoll. You barely miss the gnoll.
The bat completely misses you. You block the gnoll's attack.
The gnoll hits you with a +0 club.
* * * LOW HITPOINT WARNING * * *
The gnoll hits you with a +0 halberd!
You die...

#.#..## ...... #.## #
...... ..# ..
#....##..#
#.#........# .
.......##.# ..
#.g#.##.####...
#.)@.......<... { {
##gbg..........
####.###........ {
.........####...
########.# .
#.###........#
#.##..~...~..###
#####
##.#............#
....#
#..#⌠...........##...


You could see 3 gnolls and a bat.

Vanquished Creatures
  An orc priest (D:2)
  2 gnolls
  5 orcs (D:2)
  A ball python (D:1)
  3 endoplasms
  A giant cockroach (D:2)
  3 goblins (D:1)
  3 hobgoblins
  A quokka (D:1)
  3 bats
  4 frilled lizards (D:1)
  4 kobolds
  A rat (D:2)
32 creatures vanquished.

Notes
Turn   | Place    | Note
-------+----------+-------------------------------------------
     0 | D:1      | lonewolfV2 the Formicid Fighter began the quest for the
                  | Orb.
     0 | D:1      | Reached XP level 1. HP: 18/18 MP: 1/1
   199 | D:1      | Reached XP level 2. HP: 15/24 MP: 2/2
   320 | D:1      | Reached XP level 3. HP: 29/30 MP: 3/3
   513 | D:2      | Reached XP level 4. HP: 25/38 MP: 4/4
   615 | D:2      | Slain by a gnoll

Illustrated notes

Levels and vault maps discovered:
D:1:      mrwooster_arrival_statue_3, layout_rooms
D:2:      cheibrodos_pilgrimage, layout_loops_cross, basic_altar

Skill      XL: |  1  2  3 |
---------------+----------+-----
Fighting       | 4 |  4.5
Armour         | 4 |  4.5
Axes           | |  2.0
Shields        | |  4.0

Action                     |  1- 3 |  4- 6 || total
---------------------------+-------+-------++-------
  Melee: War axe           |    49 |    14 ||    63
    Use: Scroll            |     5 |       ||     5
 Armour: Scale mail        |    35 |    14 ||    49
  Dodge: Dodged            |    29 |    19 ||    48
  Block: Buckler           |    14 |     6 ||    20
